 Dungeon Crawl Stone Soup version 0.16.0-17-g811c1d7 (webtiles) character file.

700 valak23 the Shield-Bearer (level 7, -3/55 HPs)
             Began as a Human Fighter on Mar 21, 2015.
             Slain by a steam dragon (6 damage)
             ... on level 5 of the Dungeon.
             The game lasted 00:12:26 (4434 turns).

valak23 the Shield-Bearer (Human Fighter)           Turns: 4434, Time: 00:12:26

Health: -3/55      AC:  7    Str: 19    XL:     7   Next: 98%
Magic:  16/16      EV: 15    Int:  8    God:
Gold:   220        SH: 10    Dex: 17    Spells: 0 memorised, 6 levels left

rFire  + . .     SeeInvis .     a - +1 long sword
rCold  + . .     Clarity  .     l - +0 scale mail
rNeg   . . .     SustAb   .     c - +0 shield
rPois  +         Gourm    .     (no helmet)
rElec  +         Spirit   .     (no cloak)
rCorr  +         Warding  .     (no gloves)
rMut   .         Stasis   +     (no boots)
MR     .....                    b - amulet of stasis
Stlth  +.........               (no ring)
                                s - ring of magical power

@: agile, resistant, not resistant to hostile enchantments, very unstealthy
A: no striking features
a: no special abilities


You were on level 5 of the Dungeon.
You were not hungry.

You visited 1 branch of the dungeon, and saw 5 of its levels.

You collected 220 gold pieces.

Inventory:

Hand weapons
 a - a +1 long sword (weapon)
Armour
 c - a +0 shield (worn)
 l - a +0 scale mail (worn)
 w - a +0 ring mail
Jewellery
 b - an amulet of stasis (around neck)
 s - a ring of magical power (left hand)
Magical devices
 u - a wand of fireball (5)
Scrolls
 e - a scroll of magic mapping {unknown}
 i - 2 scrolls of recharging
 j - 3 scrolls of teleportation
 k - 2 scrolls of fear
 m - 8 scrolls of identify
 r - 3 scrolls of remove curse
 t - 2 scrolls of noise {unknown}
Potions
 h - a potion of restore abilities
 n - 2 potions of curing {unknown}
 p - 2 potions of agility
 q - a potion of resistance
 z - a potion of lignification {unknown}
 A - a potion of cure mutation {unknown}
Books
 v - a book of Summonings

   Spells                             Type                      Level
   a - Abjuration                     Summoning                    3
   b - Recall                         Summoning/Translocation      3
   c - Shadow Creatures               Summoning                    5
   d - Summon Demon                   Summoning                    5
   e - Summon Forest                  Summoning/Translocation      5
   f - Monstrous Menagerie            Summoning                    6
Comestibles
 d - 2 bread rations
 f - a fruit
 g - a beef jerky
 o - a slice of pizza
 x - a meat ration


   Skills:
 + Level 4.7 Fighting
 + Level 3.5 Long Blades
 + Level 4.5 Armour
 + Level 3.4 Dodging
 + Level 5.1 Shields


You had 6 spell levels left.
You didn't know any spells.

Dungeon Overview and Level Annotations

Branches:
Dungeon (5/15)
 Temple: D:4-7

Altars:
Fedhas
Kikubaaqudgha
Nemelex Xobeh
Sif Muna
Vehumet
Yredelemnul
The Shining One


Message History

You block the ball of steam.
Drink which item? (? for menu, Esc to quit)
You feel protected. The steam dragon closely misses you.
The steam dragon barely misses you.
The steam dragon bites you but does no damage.
The steam dragon barely misses you.
You hit the steam dragon!
The steam dragon is almost dead.
The steam dragon barely misses you. The steam dragon claws you.
* * * LOW HITPOINT WARNING * * *
You block the steam dragon's attack. The steam dragon claws you.
* * * LOW HITPOINT WARNING * * *
The steam dragon closely misses you. The steam dragon claws you.
* * * LOW HITPOINT WARNING * * *
Drink which item? (? for menu, Esc to quit)
It was a potion of agility.
You feel agile all of a sudden. The steam dragon breathes steam at you.
You block the ball of steam. The steam dragon bites you.
You die...

.........#.....#.........#......#
.........'.....'.........+......+
.........#.....#.........#......#
........[#..##'#.........######'#
........##.####..................
#.......####PP###..)..........###
#.......##P.≈≈..#######.....###≈≈
#.......##....≈.≈P≈^PP#######^.P.
#.......#≈.....D@........P≈P.P^≈.
#.......#.....PDP≈≈P..≈P≈........
#.......#PP...P≈#########.^PPP≈.≈
........##P^^P≈# ########≈
.........##^≈.# ## ......... ####
......... ........ ........ ####


You could see 2 steam dragons.

Vanquished Creatures
  A scorpion (D:4)
  2 crimson imps
  A hound (D:4)
  An iguana (D:3)
  2 orc priests
  A centaur skeleton (D:4)
  5 orc wizards
  A worker ant (D:4)
  Ijyb (D:4)
  A hound skeleton (D:4)
  4 gnolls (D:5)
  5 adders
  2 giant mites
  4 worms
  A shadow imp (D:4)
  5 giant geckos
  An ooze (D:5)
  13 orcs
  2 ball pythons
  A bat skeleton (D:5)
  A giant cockroach (D:1)
  10 goblins
  11 hobgoblins
  6 jackals
  13 kobolds
  A quokka (D:2)
  9 bats
  A giant gecko zombie (D:5)
  2 giant newts
  2 goblin skeletons (D:4)
  2 hobgoblin zombies (D:4)
  A jackal skeleton (D:4)
  2 kobold zombies (D:4)
  2 orc skeletons (D:4)
  8 rats
125 creatures vanquished.

Notes
Turn   | Place    | Note
--------------------------------------------------------------
     0 | D:1      | valak23, the Human Fighter, began the quest for the Orb.
     0 | D:1      | Reached XP level 1. HP: 18/18 MP: 1/1
   234 | D:1      | Reached XP level 2. HP: 17/24 MP: 2/2
   538 | D:1      | Reached XP level 3. HP: 29/29 MP: 3/3
  1179 | D:2      | Reached XP level 4. HP: 31/36 MP: 4/4
  1220 | D:2      | Reached skill level 1 in Dodging
  1734 | D:3      | Reached skill level 4 in Shields
  1734 | D:3      | Reached XP level 5. HP: 31/42 MP: 5/5
  1783 | D:3      | Found a sparkling altar of Nemelex Xobeh.
  1786 | D:3      | Found a radiant altar of Vehumet.
  1789 | D:3      | Found a basalt altar of Yredelemnul.
  1792 | D:3      | Found an ancient bone altar of Kikubaaqudgha.
  1954 | D:3      | Found a blossoming altar of Fedhas.
  2263 | D:3      | Found a deep blue altar of Sif Muna.
  2773 | D:3      | Reached XP level 6. HP: 48/48 MP: 6/6
  3084 | D:4      | Found a glowing golden altar of the Shining One.
  3127 | D:4      | Noticed Ijyb
  3134 | D:4      | Killed Ijyb
  3199 | D:4      | Reached XP level 7. HP: 52/54 MP: 7/7
  3840 | D:5      | Entered Level 5 of the Dungeon
  3856 | D:5      | Reached skill level 5 in Shields
  4426 | D:5      | Noticed a steam dragon
  4427 | D:5      | Noticed a steam dragon
  4434 | D:5      | Slain by a steam dragon

Action                   |  1- 3 |  4- 6 |  7- 9 || total
-------------------------+-------+-------+-------++-------
Melee: Long sword        |    83 |   180 |    99 ||   362
  Use: Scroll            |       |     6 |       ||     6
       Potion            |       |       |     5 ||     5
  Eat: Bread ration      |     1 |     1 |     1 ||     3
